 Dungeon Crawl Stone Soup version 0.28-a0-649-g2b6bb2fd11 (webtiles) character file.

Game seed: 8276412609926115209

115 Conn the Sneak (level 5, -5/31 HPs)
             Began as an Octopode Fire Elementalist on Oct 11, 2021.
             Blown up by Ijyb (28 damage)
             ... with a mindburst bolt
             ... on level 3 of the Dungeon.
             The game lasted 00:03:59 (2578 turns).

Conn the Sneak (Octopode Fire Elementalist)         Turns: 2578, Time: 00:03:59

Health: -5/31      AC:  1    Str:  7    XL:     5   Next: 0%
Magic:  0/9        EV: 13    Int: 18    God:
Gold:   143        SH:  0    Dex: 13    Spells: 2/9 levels left

rFire   . . .      SeeInvis .   e - +0 dagger
rCold   . . .      Faith    .   (no shield)
rNeg    . . .      Spirit   .   (helmet restricted)
rPois   .          Reflect  .   (no amulet)
rElec   .          Harm     .   (no ring)
rCorr   .          Rampage  .   (no ring)
Will    .....                   (no ring)
Stlth   +++.......              (no ring)
HPRegen 0.10/turn               (no ring)
MPRegen 0.11/turn               (no ring)
                                (no ring)
                                (no ring)

@: very slightly contaminated
A: almost no armour, amphibious, 8 rings, camouflage 1, gelatinous body 1,
(nimble swimmer 1), tentacles
a: no special abilities


You were on level 3 of the Dungeon.
You visited 1 branch of the dungeon, and saw 3 of its levels.

You collected 143 gold pieces.

Inventory:

Hand Weapons
 e - a +0 dagger (weapon)
Magical Staves
 c - a staff of cold
Scrolls
 a - 2 scrolls of identify {unknown}
 d - a scroll of amnesia {unknown}
 f - a scroll of enchant weapon {unknown}
 g - a scroll of teleportation {unknown}
Potions
 b - 5 potions of curing {unknown}
 h - a potion of flight {unknown}


   Skills:
 + Level 2.5 Dodging
 + Level 4.0 Stealth
 + Level 2.7 Spellcasting
 + Level 1.8 Conjurations
 + Level 3.9 Fire Magic


You had 2 spell levels left.
You knew the following spells:

 Your Spells              Type           Power      Damage    Failure   Level
a - Foxfire               Conj/Fire      48%        2x1d6     5%          1
b - Conjure Flame         Conj/Fire      12%        6-21      16%         3
c - Inner Flame           Hex/Fire       9%         N/A       22%         3

Your spell library contained the following spells:

 Spells                   Type           Power      Damage    Failure   Level
 Scorch                   Fire           32%        2d7       4%          2
 Gell's Gravitas          Tloc           1%         N/A       45%         3
 Lesser Beckoning         Tloc           2%         N/A       45%         3
 Teleport Other           Tloc           2%         N/A       45%         3
 Flame Wave               Conj/Fire      12%        3d4       45%         4


Dungeon Overview and Level Annotations

Branches:
Dungeon (3/15)

Altars:

Annotations:
D:3 Ijyb


Innate Abilities, Weirdness & Mutations

You cannot wear most types of armour.
You are amphibious.
You can wear up to eight rings at the same time.
Your skin changes colour to match your surroundings (Stealth+).
Your rubbery body absorbs attacks. (AC +1, EV +1)
((You are camouflaged near water. (Stealth+)))
You have tentacles for arms and can constrict up to eight enemies at once.


Message History

The fire ignites!
Casting: Conjure Flame (quite dangerous; 16% risk of failure)
Confirm with . or Enter, or press ? or * to list all spells.
The spell is quite dangerous to cast (22% risk of failure)!
Continue anyway?
Aiming: Inner Flame (quite dangerous; 22% risk of failure)
Press: ? - help, Shift-Dir - straight line, f - Ijyb
Aim: Ijyb, wielding a +0 club, wearing a +0 ring mail and carrying a wand of mindburst (13) (chance to affect: 65%) Ijyb is filled with an inner flame.
Casting: Inner Flame (quite dangerous; 22% risk of failure)
Confirm with . or Enter, or press ? or * to list all spells.
You conjure some foxfire!
Ijyb zaps a wand.
Your mind is blasted!
Unknown command.
Casting: Foxfire (safe; 5% risk of failure)
Confirm with . or Enter, or press ? or * to list all spells.
You conjure some foxfire!
Unknown command.
Casting: Foxfire (safe; 5% risk of failure)
Confirm with . or Enter, or press ? or * to list all spells.
You miscast Foxfire.
You are very lightly contaminated with residual magic.
Nothing appears to happen.
Your foxfire dissipates!
Unknown command.
Casting: Foxfire (safe; 5% risk of failure)
Confirm with . or Enter, or press ? or * to list all spells.
You conjure some foxfire!
The foxfire hits Ijyb but does no damage. x2
Unknown command.
The foxfire hits Ijyb.
Flame seeps out of Ijyb.
Ijyb is lightly wounded.
Ijyb is engulfed in blazing flames.
Flame seeps out of Ijyb.
Unknown command.
The foxfire hits Ijyb.
Flame seeps out of Ijyb.
Ijyb is moderately wounded.
The foxfire hits Ijyb but does no damage.
Ijyb is moderately wounded.
Ijyb is engulfed in blazing flames.
Flame seeps out of Ijyb.
Ijyb zaps a wand.
Your mind is blasted!
Ouch! That really hurt!
You die...

### #.# ..####### #.#
.......<### ##.# #########
...####...#####..######...<....
###.......@§§§§.g○.......
####†...§######........ #.....#
#.#†....... #.....#
#.######..## #.....# #..# ..#
#.....# #..# #.# #.....# #..#
#.# #....## #..# #.# #....#
#..## #)#


You could see Ijyb (inner flame).

Vanquished Creatures
  An orc priest (D:3)
  2 adders (D:2)
  2 worms
  3 dart slugs
  3 orcs (D:3)
  5 ball pythons
  4 bats
  5 endoplasms
  3 giant cockroaches (D:2)
  5 goblins
  6 hobgoblins
  3 jackals (D:2)
  2 kobolds
  2 frilled lizards (D:2)
  5 rats
51 creatures vanquished.

Vanquished Creatures (others)
  133 foxfires
133 creatures vanquished.

Grand Total: 184 creatures vanquished

Notes
Turn   | Place    | Note
-------+----------+-------------------------------------------
     0 | D:1      | Conn the Octopode Fire Elementalist began the quest for the
                  | Orb.
     0 | D:1      | Reached XP level 1. HP: 11/11 MP: 3/3
   334 | D:1      | Found a faded altar of an unknown god.
   397 | D:1      | Reached XP level 2. HP: 15/17 MP: 1/5
  1040 | D:2      | Reached XP level 3. HP: 21/21 MP: 0/6
  1430 | D:2      | Reached skill level 3 in Stealth
  1473 | D:2      | Reached XP level 4. HP: 27/27 MP: 0/7
  2545 | D:3      | Learned a level 3 spell: Conjure Flame
  2549 | D:3      | Learned a level 3 spell: Inner Flame
  2560 | D:3      | Noticed Ijyb
  2564 | D:3      | Reached skill level 4 in Stealth
  2564 | D:3      | Reached XP level 5. HP: 29/31 MP: 9/9
  2578 | D:3      | Blown up by Ijyb

Illustrated notes

Levels and vault maps discovered:
D:1:      minmay_arrival_five_plusses, layout_loops_corners,
          shapermc_ecumenical_altar_mp_urbaneastern
D:2:      layout_basic, minmay_box_of_dots
D:3:      layout_rooms, slow_altar_1, nicolae_wu_jian_immortal_techniques,
          uniq_ijyb, uniq_robin, uniq_natasha

Skill      XL: |  1  2  3  4 |
---------------+-------------+-----
Stealth        | 3 4 |  4.0
Dodging        | |  2.5
Spellcasting   | |  2.7
Conjurations   | |  1.8
Fire Magic     | |  3.9

Action                   |  1- 3 |  4- 6 || total
-------------------------+-------+-------++-------
Melee: Unarmed           |     9 |       ||     9
       Dagger            |    13 |    17 ||    30
       Constrict         |     5 |     8 ||    13
       Tentacles         |     4 |     7 ||    11
 Cast: Foxfire           |    52 |    23 ||    75
       Conjure Flame     |       |     1 ||     1
       Inner Flame       |       |     1 ||     1
 Stab: Sleeping          |     2 |     4 ||     6
Armor: Skin              |     1 |       ||     1
Dodge: Dodged            |    19 |     6 ||    25

Table legend: (Time is in decaauts)
 A = Elapsed time spent in this place.
 B = Non-inter-level travel time spent in this place.
 C = Inter-level travel time spent in this place.
 D = Time resting spent in this place.
 E = Time spent auto-exploring this place.
 F = Levels seen in this place.
 G = Mean time per level.
                   A        B        C        D        E       F      G
               +--------+--------+--------+--------+--------+-----+--------+
         Total |   2577 |   2555 |     22 |    311 |   1714 |   3 |  859.0 |
       Dungeon |   2577 |   2555 |     22 |    311 |   1714 |   3 |  859.0 |
               +--------+--------+--------+--------+--------+-----+--------+

Top non-repeatable levels by time:
     D:2: 1062 daAuts
     D:1: 951 daAuts
     D:3: 564 daAuts
